 Dungeon Crawl Stone Soup version 0.23-a0-4-g8f018a2 (webtiles) character file.

8052 jjfam the Blocker (level 11, -8/99 HPs)
             Began as a Deep Dwarf Fighter on July 31, 2018.
             Was an Elder of Makhleb.
             Mangled by a centaur warrior
             ... wielding a cursed -2 shortbow
              (9 damage)
             ... on level 10 of the Dungeon.
             The game lasted 00:24:22 (7137 turns).

jjfam the Blocker (Deep Dwarf Fighter)              Turns: 7137, Time: 00:24:22

Health: -8/99      AC: 10    Str: 23    XL:     11   Next: 4%
Magic:  10/10      EV: 12    Int: 11    God:    Makhleb [****..]
Gold:   214        SH: 12    Dex: 13    Spells: 10/10 levels left

rFire    + . .     SeeInvis .   C - +9 whip of Action {elec, rN+ Int+3}
rCold    x . .     Gourm    .   c - +0 shield
rNeg     + . .     Faith    +   b - +0 scale mail
rPois    .         Spirit   .   i - +1 helmet
rElec    .         Reflect  .   t - +0 cloak
rCorr    .         Harm     .   (no gloves)
MR       +....                  (no boots)
Stlth    +.........             w - amulet of faith
HPRegen  0.00/turn              x - ring of fire
MPRegen  0.12/turn              y - -2 ring of protection (curse)

@: non-regenerating
A: damage resistance, heal wounds, sense surroundings 2, no regeneration
a: Heal Wounds, Minor Destruction, Lesser Servant of Makhleb, Major Destruction,
Renounce Religion


You were on level 10 of the Dungeon.
You worshipped Makhleb.
Makhleb was greatly pleased with you.
You were near starving.

You visited 1 branch of the dungeon, and saw 10 of its levels.
You also visited: Sewer.

You collected 318 gold pieces.
You spent 104 gold pieces at shops.

Inventory:

Hand Weapons
 a - a +0 war axe
 C - the +9 whip of Action (weapon) {elec, rN+ Int+3}
   (You found it on level 5 of the Dungeon)

   Occasionally, upon striking a foe, it will discharge some electrical energy
   and cause terrible harm.
   It affects your intelligence (+3).
   It protects you from negative energy.
Armour
 b - a +0 scale mail (worn)
 c - a +0 shield (worn)
 i - a +1 helmet (worn)
 t - a +0 cloak (worn)
Jewellery
 w - an amulet of faith (around neck)
 x - a ring of fire (left hand)
 y - a cursed -2 ring of protection (right hand)
 D - an uncursed ring of stealth
Wands
 K - a wand of flame (19)
Scrolls
 e - 3 scrolls of immolation
 g - 6 scrolls of identify
 k - 3 scrolls of amnesia
 l - 4 scrolls of remove curse {unknown}
 o - 4 scrolls of enchant weapon
 s - a scroll of fear
 u - 2 scrolls of magic mapping {unknown}
 E - a scroll of holy word {unknown}
 F - 2 scrolls of teleportation {unknown}
 G - a scroll of blinking {unknown}
 J - 2 scrolls of enchant armour
Potions
 d - a potion of might
 h - 3 potions of flight
 j - a potion of berserk rage {unknown}
 m - a potion of experience {unknown}
 n - 3 potions of agility {unknown}
 p - a potion of mutation {unknown}
 q - 2 potions of invisibility {unknown}
 r - a potion of degeneration {unknown}
 v - 2 potions of lignification {unknown}
 z - 2 potions of curing
 A - 3 potions of heal wounds {unknown}
 B - a potion of ambrosia {unknown}
 I - a potion of magic {unknown}
Comestibles
 f - 22 rations
 H - 7 chunks of flesh


   Skills:
 + Level 6.5 Fighting
 * Level 8.5 Axes
 + Level 10.1 Armour
 + Level 5.8 Dodging
 - Level 2.1 Stealth
 + Level 10.4 Shields
 - Level 1.2 Invocations


You had 10 spell levels left.
You didn't know any spells.
Your spell library was empty.

Dungeon Overview and Level Annotations

Branches:
Dungeon (10/15)            Temple (0/1) D:5
   Lair: D:8-11         Orc: D:9-12

Altars:
Ashenzari
Cheibriados
Dithmenos
Hepliaklqana
Makhleb
Nemelex Xobeh
Ru
Sif Muna
Trog
Vehumet
Xom
Zin

Shops:
D:4 *   D:5 ?=[([   D:6 (

Annotations:
D:10 2 runed doors


Innate Abilities, Weirdness & Mutations

You are resistant to damage.
You can heal yourself by infusing magical energy.
You passively map the area around you.
You do not regenerate.


Message History

You whack the fire crab!
The fire crab is almost dead.
You hit the fire crab.
Lightning courses through the fire crab!
You kill the fire crab!
Makhleb accepts your kill.
You feel better.
You have reached level 11!
The centaur warrior wields a shortbow.
The centaur warrior shoots an arrow.
You block the arrow.
The tengu warrior hits you from afar with a bardiche!
* * * LOW HITPOINT WARNING * * *
The centaur warrior shoots an arrow.
The arrow hits you!
* * * LOW HITPOINT WARNING * * *
The centaur warrior shoots an arrow.
The arrow hits you!!
* * * LOW HITPOINT WARNING * * *
The tengu warrior barely misses you. You block the tengu warrior's attack.
The tengu warrior closely misses you.
The centaur warrior hits you with a shortbow!
You die...

.# #..#.....# .#
##.##.....## * * * *
.# #..#.#####.# * ,
* , .#
##.##.#...#.## , ,
,,,
.####..#..###.#..# ,
, *
......##..†...#..##,
* * , *
####..#'#########'##
* ** *
#..#.#*,#######.#*
,, #
##.##.###.+ZWc@(## ,
* * * # #..#.#.#
##lhQ### *
###.##.#.####.cz##
,* ,
##..#.#.#.###..y## *
* .#.##.#.#.####+###
, ** *, ,
...#.#.#.#.###.### ,
, ..##)#.#.#.###. ,,
, ,* ,
..#)#.#.#.#.##.* **
..#.#(#.#(#.# * * *
* ,


You could see a tengu warrior, a centaur warrior, a hungry ghost, a centaur, an
iguana, a killer bee, a wight, a jackal and a hound skeleton.

Vanquished Creatures
  2 two-headed ogres
  A fire crab (D:10)
  A kobold demonologist (D:10)
  3 trolls
  A hornet (D:9)
  A hippogriff (D:10)
  3 yaks (D:9)
  A human (D:7)
  4 hogs (D:7)
  Grum (D:10)
  2 hungry ghosts
  Menkaure (D:5)
  An ice beast (D:9)
  An orc warrior (D:8)
  2 sky beasts
  A black bear (D:8)
  4 wolves (D:10)
  4 ogres
  2 centaurs
  A big kobold (Sewer)
  7 bullfrogs
  4 scorpions
  2 howler monkeys (D:8)
  6 crimson imps
  A bullfrog zombie (D:10)
  5 hounds
  A jelly (D:7)
  3 orc wizards
  An orc priest (D:9)
  A bullfrog skeleton (D:7)
  An iron imp (D:9)
  3 iguanas (D:7)
  8 worker ants
  2 killer bee zombies
  A hound skeleton (D:9)
  Robin (D:3)
  10 adders
  4 gnolls
  3 river rats
  2 shadow imps
  An ooze (D:3)
  2 adder zombies
  2 adder skeletons (D:4)
  5 worms
  3 dart slugs
  5 leopard geckos
  23 orcs
  6 giant cockroaches
  14 goblins
  12 hobgoblins
  21 jackals
  5 quokkas
  3 ball pythons
  5 bats
  3 frilled lizards
  A jackal zombie (D:5)
  14 kobolds
  A leopard gecko zombie (D:5)
  A quokka skeleton (D:8)
  2 quokka zombies
  16 rats
248 creatures vanquished.

Vanquished Creatures (collateral kills)
  A crimson imp (D:9)
  An orc wizard (D:9)
2 creatures vanquished.

Grand Total: 250 creatures vanquished

Notes
Turn   | Place    | Note
-------+----------+-------------------------------------------
     0 | D:1      | jjfam the Deep Dwarf Fighter began the quest for the Orb.
     0 | D:1      | Reached XP level 1. HP: 20/20 MP: 1/1
   112 | D:1      | Reached XP level 2. HP: 21/27 MP: 2/2
   315 | D:1      | Reached XP level 3. HP: 34/34 MP: 3/3
   967 | D:2      | Reached XP level 4. HP: 33/42 MP: 4/4
  1109 | D:2      | Found a sparkling altar of Nemelex Xobeh.
  1348 | D:2      | Reached skill level 1 in Dodging
  1369 | D:2      | Found a shadowy altar of Dithmenos.
  1615 | D:3      | Noticed Robin
  1625 | D:3      | Reached XP level 5. HP: 46/49 MP: 5/5
  1631 | D:3      | Killed Robin
  2159 | D:3      | Found a burning altar of Makhleb.
  2160 | D:3      | Found a shimmering altar of Xom.
  2164 | D:3      | Reached skill level 5 in Axes
  2168 | D:3      | Became a worshipper of Makhleb the Destroyer
  2446 | D:4      | Reached XP level 6. HP: 45/56 MP: 6/6
  2582 | D:4      | Found Nurex's General Store.
  3032 | D:5      | Entered Level 5 of the Dungeon
  3050 | D:5      | Found Apiuly's Jewellery Shop.
  3191 | D:5      | Found Eleruc's Weapon Boutique.
  3219 | D:5      | Got a crude whip
  3220 | D:5      | Identified the +9 whip of Action {elec, rN+ Int+3} (You found it on level 5 of the Dungeon)
  3263 | D:5      | Noticed Menkaure
  3281 | D:5      | Killed Menkaure
  3281 | D:5      | Reached skill level 5 in Shields
  3281 | D:5      | Reached XP level 7. HP: 25/62 MP: 7/7
  3302 | D:5      | Found a hazy altar of Hepliaklqana.
  3305 | D:5      | Found Ygar's Armour Shop.
  3345 | D:5      | Found a shattered altar of Ashenzari.
  3442 | D:5      | Reached skill level 1 in Stealth
  3525 | D:5      | Found Titt's Armour Shop.
  3664 | D:5      | Found a staircase to the Ecumenical Temple.
  3683 | D:5      | Found Cepoisu's Magic Scroll Emporium.
  3691 | D:5      | Bought a scroll of enchant weapon for 82 gold pieces
  3691 | D:5      | Bought a scroll of identify for 22 gold pieces
  3790 | D:6      | Found a deep blue altar of Sif Muna.
  4055 | D:6      | Found a radiant altar of Vehumet.
  4140 | D:6      | Found a glowing drain.
  4147 | Sewer    | Entered a sewer
  4152 | Sewer    | Reached * piety under Makhleb
  4215 | Sewer    | Reached skill level 5 in Armour
  4253 | Sewer    | Found a white marble altar of Elyvilon.
  4385 | D:6      | Reached XP level 8. HP: 45/69 MP: 8/8
  4528 | D:6      | Found Uthaurph's Antique Weapon Boutique.
  4652 | D:6      | Found a sacrificial altar of Ru.
  4656 | D:6      | Found a glowing silver altar of Zin.
  4885 | D:7      | Reached ** piety under Makhleb
  5009 | D:7      | Gained mutation: You passively map the area around you. [Deep Dwarf growth]
  5009 | D:7      | Reached XP level 9. HP: 51/79 MP: 8/8
  5586 | D:8      | Noticed a two-headed ogre
  5606 | D:8      | Killed a two-headed ogre
  5606 | D:8      | Reached *** piety under Makhleb
  5606 | D:8      | Reached skill level 5 in Fighting
  6182 | D:9      | Noticed a two-headed ogre
  6193 | D:9      | Killed a two-headed ogre
  6193 | D:9      | Reached skill level 5 in Dodging
  6193 | D:9      | Reached skill level 1 in Invocations
  6193 | D:9      | Reached XP level 10. HP: 59/90 MP: 9/9
  6250 | D:9      | Found a bloodstained altar of Trog.
  6492 | D:9      | Found a snail-covered altar of Cheibriados.
  6550 | D:9      | Reached **** piety under Makhleb
  6837 | D:10     | Entered Level 10 of the Dungeon
  6914 | D:10     | Noticed Grum
  6929 | D:10     | Killed Grum
  6938 | D:10     | Reached skill level 10 in Shields
  7011 | D:10     | Reached skill level 10 in Armour
  7094 | D:10     | Found a runed door.
  7094 | D:10     | Found a runed door.
  7094 | D:10     | Noticed a tengu warrior
  7094 | D:10     | Noticed a fire crab
  7094 | D:10     | Noticed a centaur warrior
  7095 | D:10     | Found a runed door.
  7135 | D:10     | Killed a fire crab
  7135 | D:10     | Reached XP level 11. HP: 38/99 MP: 10/10
  7136 | D:10     | HP: 1/99 [centaur warrior/arrow (19)]
  7137 | D:10     | Mangled by a centaur warrior

Vault maps used:
D:1:      dpeg_arrival_three_bigger_balls, nrook_uturn, minmay_tetromino_t4
D:2:      lemuel_crystal_altar, old_standard_altar, first_ration
D:3:      grunt_temple_overflow_champion_of_chaos, uniq_robin
D:4:      serial_shops, shop_statue
D:5:      nicolae_overflow_hidden_temple, nicolae_ashenzari_panopticon,
          minmay_temple_entry_from_below_a, serial_shops,
          nicolae_shop_waterfront, shop_statue, shop, shop, shop, uniq_menkaure
D:6:      overflow_temple_1_default, minmay_overflow_temple_star_quad,
          gup_sewer_entry_bubbles, serial_shops, shop, roderic_lattice_a
D:7:      grunt_livestock, corexii_hall_statues_l
D:9:      slow_altar_1, bloody_trog
D:10:     minmay_the_grid_triangle_9x9_rhombus_full, uniq_grum, uniq_sonja,
          uniq_psyche
Sewer:    sewer_kobolds

Skill      XL: |  1  2  3  4  5  6  7  8  9 10 |
---------------+-------------------------------+-----
Fighting       | 3 4 5 6 |  6.5
Axes           | 3 4 5 6 7 8 |  8.5
Shields        | 4 5 7 9 10 | 10.4
Dodging        | 1 2 3 5 |  5.8
Armour         | 4 5 6 9 10 | 10.1
Stealth        | 1 2 |  2.1
Invocations    | 1 |  1.2

Action                   |  1- 3 |  4- 6 |  7- 9 | 10-12 || total
-------------------------+-------+-------+-------+-------++-------
Melee: War axe           |   115 |   194 |       |       ||   309
       Whip              |       |     3 |   282 |   177 ||   462
Invok: Minor Destruction |       |       |     3 |       ||     3
       Lesser Servant of |       |       |       |     2 ||     2
 Abil: Heal Wounds       |     1 |     3 |     8 |       ||    12
  Use: Scroll            |       |       |     8 |       ||     8
       Potion            |       |       |     1 |       ||     1
  Eat: Chunk             |       |     8 |     9 |     4 ||    21
Armor: Scale mail        |    81 |    78 |    91 |    66 ||   316
Dodge: Dodged            |    45 |    58 |    91 |    79 ||   273
Block: Shield            |    82 |   105 |   131 |   121 ||   439

Table legend:
 A = Spawn XP
 B = Non-spawn XP
 C = Spawn XP percentage of total XP
 D = Spawn monster count
 E = Non-spawn monster count
 F = Spawn count percentage of total count
 G = Total turns spent on level
                    A         B        C        D         E        F      G
               +---------+---------+-------+---------+---------+-------+---------
         Total |       0 |   11503 |   0.0 |       0 |     250 |   0.0 |  7137
               +---------+---------+-------+---------+---------+-------+---------
           D:1 |       0 |      71 |   0.0 |       0 |      33 |   0.0 |   868
           D:2 |       0 |     104 |   0.0 |       0 |      28 |   0.0 |   721
           D:3 |       0 |     169 |   0.0 |       0 |      33 |   0.0 |   705
           D:4 |       0 |     310 |   0.0 |       0 |       6 |   0.0 |   738
           D:5 |       0 |     353 |   0.0 |       0 |       9 |   0.0 |   719
           D:6 |       0 |     432 |   0.0 |       0 |      24 |   0.0 |   808
           D:7 |       0 |    1654 |   0.0 |       0 |      24 |   0.0 |   629
           D:8 |       0 |    1832 |   0.0 |       0 |      24 |   0.0 |   807
           D:9 |       0 |    3036 |   0.0 |       0 |      34 |   0.0 |   667
          D:10 |       0 |    3404 |   0.0 |       0 |      22 |   0.0 |   300
         Sewer |       0 |     138 |   0.0 |       0 |      13 |   0.0 |   175
               +---------+---------+-------+---------+---------+-------+---------
